 Dungeon Sprint DCSS version 0.15-a0-1866-g491fd59 (webtiles) character file.

267 BluebellGnoll the Covert (level 6, -5/28 HPs)
             Began as a Spriggan Enchanter on July 3, 2014.
             Was an Initiate of Okawaru.
             Slain by an orc warrior
             ... wielding a +0 glaive
              (28 damage)
             ... in the Dungeon (Sprint IX: "|||||||||||||||||||||||||||||").
             The game lasted 00:03:03 (505 turns).

BluebellGnoll the Covert (Spriggan Enchanter)        Turns: 505, Time: 00:03:03

HP  -5/28        AC  6     Str  7      XL: 6   Next:  0%
MP   5/24        EV 18     Int 18      God: Okawaru [......]
Gold 0           SH  0     Dex 17      Spells:  4 memorised, 13 levels left

rFire  . . .     SeeInvis +     m - +2 cutlass (drain)
rCold  . . .     Clarity  .     b - +1 robe
rNeg   . . .     rCorr    .     (shield restricted)
rPois  .         rRot     .     (helmet restricted)
rElec  .         Spirit   .     n - +0 cloak
SustAb .         Warding  .     (gloves unavailable)
rMut   .         NoTele   +     (boots unavailable)
Gourm  .                        (no amulet)
MR     +....                    o - +2 ring of protection
                                p - +3 ring of strength

@: very quick, somewhat resistant to hostile enchantments, very stealthy
A: unfitting armour, see invisible, herbivore 3, speed 3, slow metabolism 2
a: Renounce Religion


You were in the Dungeon.
You worshipped Okawaru.
Okawaru was noncommittal.
You were not hungry.

You visited 1 branch

Inventory:

Hand weapons
 a - a +1 dagger
 m - a +2 cutlass of draining (weapon)
Armour
 b - a +1 robe (worn)
 n - a +0 cloak (worn)
Magical devices
 l - a wand of cold (7)
Scrolls
 i - 3 scrolls of remove curse
 j - 2 scrolls of blinking
 k - 2 scrolls of amnesia
Jewellery
 o - a +2 ring of protection (right hand)
 p - a +3 ring of strength (left hand)
Potions
 d - a potion of porridge
 e - 5 potions of curing
 f - 3 potions of heal wounds
 g - a potion of invisibility
 h - 4 potions of magic
Books
 c - a book of Maledictions

   Spells                             Type                      Level
   *Corona                            Hexes                        1
   *Sure Blade                        Hexes/Charms                 2
   *Ensorcelled Hibernation           Hexes/Ice                    2
   *Confuse                           Hexes                        3
   Dazzling Spray                     Conjuration/Hexes            3
   Enslavement                        Hexes                        4


   Skills:
 - Level 1.1 Short Blades
 - Level 3.0 Dodging
 - Level 13.1 Stealth
 * Level 8.1 Spellcasting
 + Level 8.8 Hexes


You had 13 spell levels left.
You knew the following spells:

 Your Spells              Type           Power        Failure   Level  Hunger
a - Corona                Hex            #####..      1%          1    None
b - Ensorcelled Hibernat  Hex/Ice        ###...       2%          2    None
c - Confuse               Hex            #####...     1%          3    #......
d - Sure Blade            Hex/Chrm       ###.......   2%          2    None


Dungeon Overview and Level Annotations

Branches:
Dungeon (1/1)

Altars:
Cheibriados
Dithmenos
Elyvilon
Fedhas
Gozag
Kikubaaqudgha
Makhleb
Nemelex Xobeh
Okawaru
Qazlal
Sif Muna
Trog
Vehumet
Xom
Yredelemnul
Zin
The Shining One
Beogh
Jiyva
Lugonu


Innate Abilities, Weirdness & Mutations

You are tiny and cannot use many weapons and most armour.
You have supernaturally acute eyesight.
You are a herbivore.
You cover ground extremely quickly.
You need consume almost no food.


Message History

Casting: Ensorcelled Hibernation
Confirm with . or Enter, or press ? or * to list all spells.
Aiming: Ensorcelled Hibernation
Press: ? - help, Shift-Dir - straight line, f/p - orc warrior
Aim: an orc warrior, wielding a glaive and wearing a plate armour The orc warrior resists with significant effort.
Casting: Ensorcelled Hibernation
Confirm with . or Enter, or press ? or * to list all spells.
Aiming: Confuse
Press: ? - help, Shift-Dir - straight line, f/p - orc warrior
Aim: an orc warrior, wielding a glaive and wearing a plate armour The orc warrior appears confused.
The orc warrior hits itself with a glaive!!
There is an open door here.
You hit the orc warrior.
The orc warrior is severely wounded.
The orc warrior chortles and stares into space.
The orc warrior hits you with a glaive!!
Ouch! That really hurt!
You die... ▓▓▓▓▓▓▓▓▓▓▓▓▓▓▓▓▓▓▓▓▓▓▓▓▓▓▓▓▓▓▓▓▓ ......%)([[.)|go@________________ ▓▓▓▓▓▓▓▓▓▓▓▓▓▓▓▓▓▓▓▓▓▓▓▓▓▓▓▓▓▓▓▓▓

You could see an orc warrior (confused) and a hobgoblin.

Vanquished Creatures
  A sky beast (D)
  A centaur (D)
  A crimson imp (D)
  A hound (D)
  An adder (D)
  2 giant geckos (D)
  A bat (D)
  2 giant newts (D)
  A goblin (D)
  A hobgoblin skeleton (D)
  A kobold (D)
  A rat (D)
14 creatures vanquished.

Notes
Turn   | Place    | Note
--------------------------------------------------------------
     0 | D        | BluebellGnoll, the Spriggan Enchanter, began the quest for the Orb.
     0 | D        | Reached XP level 1. HP: 9/9 MP: 4/4
    15 | D        | Reached skill level 5 in Stealth
    19 | D        | Reached skill level 6 in Stealth
   183 | D        | Noticed a crimson imp
   183 | D        | Noticed a hound
   185 | D        | Reached skill level 7 in Stealth
   207 | D        | Killed a hound
   207 | D        | Reached skill level 10 in Stealth
   207 | D        | Reached XP level 2. HP: 7/13 MP: 1/7
   207 | D        | Reached XP level 3. HP: 8/16 MP: 1/9
   211 | D        | Reached skill level 11 in Stealth
   217 | D        | Killed a crimson imp
   217 | D        | Reached skill level 13 in Stealth
   217 | D        | Reached XP level 4. HP: 10/21 MP: 1/12
   224 | D        | Found a glowing silver altar of Zin.
   224 | D        | Found a glowing golden altar of the Shining One.
   224 | D        | Found an ancient bone altar of Kikubaaqudgha.
   224 | D        | Found a basalt altar of Yredelemnul.
   224 | D        | Found a shimmering altar of Xom.
   224 | D        | Found a radiant altar of Vehumet.
   224 | D        | Found an iron altar of Okawaru.
   225 | D        | Found a burning altar of Makhleb.
   226 | D        | Found a deep blue altar of Sif Muna.
   227 | D        | Found a bloodstained altar of Trog.
   228 | D        | Found a sparkling altar of Nemelex Xobeh.
   229 | D        | Found a white marble altar of Elyvilon.
   230 | D        | Found a roughly hewn altar of Beogh.
   231 | D        | Found a viscous altar of Jiyva.
   232 | D        | Found a corrupted altar of Lugonu.
   233 | D        | Became a worshipper of Warmaster Okawaru
   276 | D        | Found a blossoming altar of Fedhas.
   277 | D        | Found a snail-covered altar of Cheibriados.
   278 | D        | Found a shadowy altar of Dithmenos.
   279 | D        | Found a stormy altar of Qazlal.
   280 | D        | Found an opulent altar of Gozag.
   315 | D        | Learned a level 2 spell: Ensorcelled Hibernation
   319 | D        | Learned a level 3 spell: Confuse
   322 | D        | Learned a level 2 spell: Sure Blade
   436 | D        | Noticed an orc warrior
   436 | D        | Noticed a centaur
   436 | D        | Noticed a sky beast
   443 | D        | Killed a sky beast
   443 | D        | Reached XP level 5. HP: 24/24 MP: 4/21
   446 | D        | Killed a centaur
   446 | D        | Reached XP level 6. HP: 18/28 MP: 1/24
   505 | D        | Slain by an orc warrior

Action                   |  1- 3 |  4- 6 || total
-------------------------+-------+-------++-------
Melee: Dagger            |    42 |       ||    42
       Cutlass           |       |     6 ||     6
 Cast: Corona            |     3 |       ||     3
       Ensorcelled Hiber |       |     4 ||     4
       Confuse           |       |     3 ||     3
       Sure Blade        |       |     1 ||     1
  Use: Potion            |     2 |       ||     2
 Stab: Sleeping          |     1 |     1 ||     2
       Confused          |       |     3 ||     3
